3076 views
Uploaded 2020-02-08 16:57:56
Game version 1.32 / 1.32.1
30:09 long 4on4 ladder game on (8)Feralas_LV
Saved by iggythefisk
3076 views
Uploaded 2020-02-08 16:57:56
Game version 1.32 / 1.32.1
30:09 long 4on4 ladder game on (8)Feralas_LV


94 units @ 8.4k
/ 0.5k
215 buildings @ 18k
/ 8.7k


| Healing Salve | 2 | 200 |
| Orb of Lightning | 2 | 750 |
| Boots of Speed | 2 | 500 |
| Staff of Teleportation | 2 | 300 |
| Periapt of Vitality | 1 | 325 |
| Staff of Sanctuary | 2 | 500 |
| total: | 11 | 2575g |
| Peon | 17 | 1275 | / | 0 |
| Troll Batrider | 11 | 1760 | / | 440 |
| total: | 28 | 3035g | / | 440w |
| Watch Tower | 31 | 3410 | / | 2480 |
| Altar of Storms | 2 | 360 | / | 100 |
| Orc Burrow | 3 | 480 | / | 120 |
| War Mill | 1 | 205 | / | 0 |
| Voodoo Lounge | 1 | 130 | / | 30 |
| Great Hall | 1 | 385 | / | 185 |
| Beastiary | 6 | 870 | / | 840 |
| Stronghold | 1 | 315 | / | 190 |
| Fortress | 1 | 325 | / | 190 |
| total: | 45 | 5840g | / | 3755w |
| 0:02 | Peon |
| 0:02 | Peon |
| 0:06 | Altar of Storms |
| 0:19 | Orc Burrow |
| 0:24 | Peon |
| 0:39 | Peon |
| 0:49 | War Mill |
| 0:52 | Peon |
| 1:14 | Peon |
| 1:20 | Voodoo Lounge |
| 1:29 | Peon |
| 1:44 | Peon |
| 1:48 | Orc Burrow |
| 2:03 | Watch Tower |
| 2:06 | Peon |
| 2:09 | Wind Walk |
| 2:19 | Peon |
| 2:22 | Healing Salve |
| 2:32 | Watch Tower |
| 2:43 | Peon |
| 2:44 | Peon |
| 3:17 | Watch Tower |
| 3:21 | Peon |
| 3:37 | Watch Tower |
| 3:41 | Boots of Speed |
| 3:42 | Staff of Teleportation |
| 4:19 | Critical Strike |
| 4:29 | Watch Tower |
| 4:30 | Stronghold |
| 4:46 | Watch Tower |
| 5:04 | Great Hall |
| 5:28 | Orc Burrow |
| 5:34 | Watch Tower |
| 5:50 | Watch Tower |
| 7:00 | Watch Tower |
| 7:03 | Watch Tower |
| 7:06 | Reinforced Defenses |
| 7:26 | Beastiary |
| 7:28 | Beastiary |
| 7:50 | Hex |
| 7:56 | Peon |
| 7:56 | Peon |
| 7:57 | Peon |
| 7:57 | Peon |
| 8:04 | Watch Tower |
| 8:07 | Watch Tower |
| 8:21 | Boots of Speed |
| 8:32 | Staff of Teleportation |
| 8:44 | Troll Batrider |
| 9:14 | Watch Tower |
| 9:15 | Watch Tower |
| 9:25 | Fortress |
| 9:26 | Troll Batrider |
| 9:28 | Troll Batrider |
| 9:51 | Wind Walk |
| 10:00 | Troll Batrider |
| 10:02 | Beastiary |
| 10:09 | Beastiary |
| 10:19 | Healing Salve |
| 10:22 | Watch Tower |
| 10:31 | Watch Tower |
| 10:55 | Troll Batrider |
| 11:07 | Steel Ranged Weapons |
| 11:25 | Watch Tower |
| 11:38 | Watch Tower |
| 11:51 | Orb of Lightning |
| 11:52 | Liquid Fire |
| 12:09 | Troll Batrider |
| 12:28 | Healing Wave |
| 12:43 | Watch Tower |
| 12:44 | Watch Tower |
| 13:13 | Beastiary |
| 14:17 | Watch Tower |
| 14:19 | Watch Tower |
| 14:22 | Altar of Storms |
| 14:29 | Orb of Lightning |
| 14:44 | Spiked Barricades |
| 14:45 | Thorium Ranged Weapons |
| 15:27 | Watch Tower |
| 15:28 | Watch Tower |
| 15:49 | Beastiary |
| 16:59 | Watch Tower |
| 17:01 | Watch Tower |
| 17:15 | Staff of Sanctuary |
| 17:26 | Arcanite Ranged Weapons |
| 17:53 | Steel Armor |
| 17:54 | Improved Spiked Barricades |
| 18:13 | Watch Tower |
| 18:21 | Staff of Sanctuary |
| 19:51 | Watch Tower |
| 19:54 | Troll Batrider |
| 22:08 | Troll Batrider |
| 22:11 | Thorium Armor |
| 22:17 | Watch Tower |
| 22:20 | Watch Tower |
| 23:00 | Troll Batrider |
| 23:01 | Troll Batrider |
| 23:28 | Watch Tower |
| 24:03 | Troll Batrider |
| 28:15 | Arcanite Armor |
| 28:39 | Critical Strike |
| 28:59 | Periapt of Vitality |
| Right click | 2345 |
| Select group | 557 |
| Select | 555 |
| Misc. action | 228 |
| Build/train/purchase | 137 |
| Use ability | 83 |
| Assign group | 19 |
| Item give/drop | 8 |
| Chat | 6 |
| Minimap ping | 4 |
| Esc | 2 |



| Lesser Clarity Potion | 1 | 70 |
| Orb of Corruption | 3 | 1125 |
| Staff of Teleportation | 3 | 450 |
| Boots of Speed | 3 | 750 |
| Circlet of Nobility | 4 | 700 |
| Staff of Sanctuary | 3 | 750 |
| total: | 17 | 3845g |
| Acolyte | 7 | 525 | / | 0 |
| Ghoul | 9 | 1080 | / | 0 |
| Obsidian Statue | 2 | 400 | / | 70 |
| total: | 18 | 2005g | / | 70w |
| Nerubian Tower | 1 | 100 | / | 20 |
| Spirit Tower | 5 | 725 | / | 200 |
| Altar of Darkness | 1 | 180 | / | 50 |
| Ziggurat | 10 | 1500 | / | 500 |
| Crypt | 1 | 200 | / | 50 |
| Graveyard | 1 | 215 | / | 0 |
| Tomb of Relics | 2 | 260 | / | 60 |
| Necropolis | 1 | 225 | / | 0 |
| Slaughterhouse | 1 | 140 | / | 135 |
| Sacrificial Pit | 1 | 75 | / | 150 |
| Halls of the Dead | 2 | 640 | / | 420 |
| Black Citadel | 1 | 325 | / | 230 |
| total: | 18 | 2795g | / | 945w |
| 0:05 | Acolyte |
| 0:06 | Acolyte |
| 0:09 | Altar of Darkness |
| 0:12 | Ziggurat |
| 1:03 | Crypt |
| 1:06 | Graveyard |
| 1:23 | Nerubian Tower |
| 1:44 | Tomb of Relics |
| 2:07 | Ziggurat |
| 2:09 | Ghoul |
| 2:09 | Ghoul |
| 2:16 | Death Coil |
| 2:27 | Ghoul |
| 2:36 | Ghoul |
| 2:59 | Ghoul |
| 2:59 | Ghoul |
| 3:20 | Spirit Tower |
| 3:45 | Ghoul |
| 3:53 | Staff of Teleportation |
| 3:53 | Boots of Speed |
| 4:41 | Circlet of Nobility |
| 4:46 | Halls of the Dead |
| 4:47 | Ghoul |
| 4:55 | Unholy Aura |
| 5:07 | Ghoul |
| 5:43 | Ziggurat |
| 5:46 | Ziggurat |
| 6:49 | Lesser Clarity Potion |
| 7:29 | Acolyte |
| 7:47 | Acolyte |
| 8:20 | Frost Nova |
| 8:22 | Death Coil |
| 9:07 | Black Citadel |
| 9:10 | Necropolis |
| 9:18 | Slaughterhouse |
| 9:40 | Staff of Teleportation |
| 9:41 | Boots of Speed |
| 10:45 | Spirit Tower |
| 10:47 | Obsidian Statue |
| 10:47 | Obsidian Statue |
| 10:54 | Acolyte |
| 10:54 | Acolyte |
| 10:55 | Acolyte |
| 10:57 | Ziggurat |
| 10:58 | Ziggurat |
| 11:14 | Tomb of Relics |
| 11:37 | Rain of Fire |
| 11:57 | Orb of Corruption |
| 12:18 | Spirit Tower |
| 13:02 | Orb of Corruption |
| 13:11 | Halls of the Dead |
| 13:19 | Staff of Sanctuary |
| 13:35 | Staff of Sanctuary |
| 14:03 | Frost Armor |
| 15:33 | Ziggurat |
| 15:34 | Ziggurat |
| 15:36 | Ziggurat |
| 15:55 | Staff of Sanctuary |
| 16:02 | Staff of Teleportation |
| 16:02 | Boots of Speed |
| 16:02 | Circlet of Nobility |
| 16:32 | Orb of Corruption |
| 16:39 | Spirit Tower |
| 17:52 | Howl of Terror |
| 19:17 | Unholy Aura |
| 21:21 | Ziggurat |
| 21:40 | Circlet of Nobility |
| 22:13 | Sacrificial Pit |
| 22:17 | Creature Attack |
| 22:17 | Creature Carapace |
| 25:53 | Spirit Tower |
| 26:04 | Circlet of Nobility |
| 27:07 | Frost Nova |
| 29:28 | Rain of Fire |
| Right click | 2560 |
| Select group | 2127 |
| Select | 261 |
| Use ability | 109 |
| Build/train/purchase | 107 |
| Misc. action | 73 |
| Resource trade | 69 |
| Minimap ping | 26 |
| Assign group | 15 |
| Item give/drop | 9 |



x1)
| Scroll of Regeneration | 2 | 200 |
| Staff of Sanctuary | 3 | 750 |
| Orb of Fire | 1 | 325 |
| Staff of Teleportation | 3 | 450 |
| Boots of Speed | 3 | 750 |
| Tome of Retraining | 1 | 300 |
| Periapt of Vitality | 2 | 650 |
| Circlet of Nobility | 1 | 175 |
| Orb of Venom | 1 | 325 |
| Orb of Corruption | 1 | 375 |
| total: | 18 | 4300g |
| Peasant | 21 | 1575 | / | 0 |
| Priest | 2 | 270 | / | 20 |
| total: | 23 | 1845g | / | 20w |
| Scout Tower | 117 | 3510 | / | 2340 |
| Arcane Tower | 10 | 700 | / | 500 |
| Guard Tower | 47 | 3290 | / | 2350 |
| Altar of Kings | 1 | 180 | / | 50 |
| Farm | 4 | 320 | / | 80 |
| Lumber Mill | 1 | 120 | / | 0 |
| Town Hall | 1 | 385 | / | 205 |
| Arcane Vault | 6 | 780 | / | 180 |
| Arcane Sanctum | 1 | 150 | / | 140 |
| Keep | 1 | 320 | / | 210 |
| Castle | 1 | 360 | / | 210 |
| total: | 131 | 5445g | / | 2995w |
| 0:01 | Peasant |
| 0:03 | Altar of Kings |
| 0:05 | Peasant |
| 0:16 | Farm |
| 0:17 | Peasant |
| 0:29 | Peasant |
| 0:36 | Lumber Mill |
| 0:49 | Farm |
| 0:52 | Peasant |
| 0:57 | Peasant |
| 1:09 | Scout Tower |
| 1:14 | Scout Tower |
| 1:20 | Peasant |
| 1:24 | Scout Tower |
| 1:34 | Peasant |
| 1:41 | Peasant |
| 1:46 | Arcane Tower |
| 1:48 | Arcane Tower |
| 1:49 | Scout Tower |
| 1:55 | Peasant |
| 2:10 | Scout Tower |
| 2:14 | Arcane Tower |
| 2:16 | Scout Tower |
| 2:17 | Summon Water Elemental |
| 2:22 | Scout Tower |
| 2:22 | Guard Tower |
| 2:23 | Peasant |
| 2:24 | Improved Masonry |
| 2:33 | Peasant |
| 2:35 | Scout Tower |
| 2:37 | Guard Tower |
| 2:38 | Scout Tower |
| 2:38 | Scout Tower |
| 2:40 | Scout Tower |
| 2:42 | Peasant |
| 2:53 | Guard Tower |
| 2:58 | Peasant |
| 3:03 | Scout Tower |
| 3:05 | Scout Tower |
| 3:05 | Scout Tower |
| 3:06 | Guard Tower |
| 3:08 | Guard Tower |
| 3:09 | Scout Tower |
| 3:09 | Scout Tower |
| 3:16 | Peasant |
| 3:24 | Scout Tower |
| 3:30 | Guard Tower |
| 3:32 | Guard Tower |
| 3:34 | Keep |
| 3:36 | Guard Tower |
| 3:59 | Brilliance Aura |
| 4:02 | Guard Tower |
| 4:22 | Town Hall |
| 4:26 | Scout Tower |
| 4:26 | Scout Tower |
| 4:38 | Arcane Vault |
| 4:55 | Arcane Vault |
| 5:08 | Farm |
| 5:13 | Guard Tower |
| 5:14 | Guard Tower |
| 5:22 | Guard Tower |
| 5:24 | Scout Tower |
| 5:56 | Scroll of Regeneration |
| 6:04 | Scout Tower |
| 6:06 | Scout Tower |
| 6:08 | Guard Tower |
| 6:09 | Scout Tower |
| 6:10 | Scout Tower |
| 6:11 | Scout Tower |
| 6:12 | Scout Tower |
| 6:13 | Guard Tower |
| 6:14 | Scout Tower |
| 6:15 | Scout Tower |
| 6:16 | Scout Tower |
| 6:17 | Scout Tower |
| 6:17 | Scout Tower |
| 6:18 | Scout Tower |
| 6:26 | Castle |
| 6:27 | Advanced Masonry |
| 6:27 | Improved Lumber Harvesting |
| 6:46 | Guard Tower |
| 6:47 | Scout Tower |
| 6:51 | Scout Tower |
| 6:52 | Scout Tower |
| 6:55 | Guard Tower |
| 7:00 | Staff of Teleportation |
| 7:07 | Boots of Speed |
| 7:21 | Guard Tower |
| 7:22 | Storm Bolt |
| 7:26 | Guard Tower |
| 7:28 | Summon Water Elemental |
| 7:41 | Scout Tower |
| 7:42 | Scout Tower |
| 7:46 | Guard Tower |
| 8:14 | Boots of Speed |
| 8:42 | Guard Tower |
| 8:43 | Peasant |
| 8:43 | Peasant |
| 8:43 | Peasant |
| 8:43 | Peasant |
| 8:46 | Scout Tower |
| 8:47 | Scout Tower |
| 8:47 | Scout Tower |
| 8:49 | Imbued Masonry |
| 8:49 | Advanced Lumber Harvesting |
| 8:52 | Guard Tower |
| 8:53 | Scout Tower |
| 8:53 | Scout Tower |
| 8:53 | Scout Tower |
| 8:54 | Scout Tower |
| 8:54 | Scout Tower |
| 8:55 | Scout Tower |
| 8:59 | Scout Tower |
| 8:59 | Scout Tower |
| 9:01 | Scout Tower |
| 9:02 | Scout Tower |
| 9:02 | Scout Tower |
| 9:03 | Scout Tower |
| 9:03 | Scout Tower |
| 9:04 | Scout Tower |
| 9:17 | Guard Tower |
| 9:57 | Holy Light |
| 10:15 | Arcane Sanctum |
| 10:35 | Guard Tower |
| 10:36 | Scout Tower |
| 10:37 | Scout Tower |
| 11:02 | Arcane Tower |
| 11:02 | Guard Tower |
| 11:06 | Guard Tower |
| 11:10 | Arcane Vault |
| 11:12 | Arcane Vault |
| 11:27 | Magic Sentry |
| 11:28 | Priest Adept Training |
| 11:28 | Priest |
| 11:30 | Guard Tower |
| 11:32 | Scout Tower |
| 11:34 | Scout Tower |
| 11:35 | Scout Tower |
| 11:36 | Scout Tower |
| 11:37 | Scout Tower |
| 11:37 | Scout Tower |
| 11:40 | Guard Tower |
| 11:44 | Arcane Vault |
| 11:46 | Scout Tower |
| 11:46 | Scout Tower |
| 11:48 | Scout Tower |
| 11:48 | Scout Tower |
| 11:50 | Scout Tower |
| 11:51 | Scout Tower |
| 11:51 | Scout Tower |
| 11:52 | Scout Tower |
| 11:55 | Guard Tower |
| 11:57 | Scout Tower |
| 11:58 | Scout Tower |
| 11:58 | Scout Tower |
| 11:58 | Scout Tower |
| 12:00 | Arcane Vault |
| 12:02 | Scout Tower |
| 12:04 | Scout Tower |
| 12:05 | Scout Tower |
| 12:06 | Scout Tower |
| 12:07 | Scout Tower |
| 12:07 | Scout Tower |
| 12:14 | Staff of Sanctuary |
| 12:23 | Orb of Fire |
| 12:30 | Staff of Sanctuary |
| 12:47 | Arcane Tower |
| 13:00 | Peasant |
| 13:00 | Peasant |
| 13:13 | Tome of Retraining |
| 13:13 | Retrain Hero |
| 13:15 | Blizzard |
| 13:16 | Brilliance Aura |
| 13:18 | Boots of Speed |
| 13:19 | Staff of Teleportation |
| 13:27 | Scout Tower |
| 13:28 | Scout Tower |
| 13:30 | Scout Tower |
| 13:30 | Scout Tower |
| 14:12 | Guard Tower |
| 14:14 | Scout Tower |
| 14:15 | Scout Tower |
| 14:25 | Farm |
| 14:43 | Guard Tower |
| 14:46 | Guard Tower |
| 14:48 | Periapt of Vitality |
| 14:56 | Guard Tower |
| 15:31 | Guard Tower |
| 15:33 | Scout Tower |
| 15:34 | Scout Tower |
| 15:35 | Scout Tower |
| 15:35 | Scout Tower |
| 15:37 | Guard Tower |
| 15:40 | Scout Tower |
| 15:41 | Scout Tower |
| 15:42 | Scout Tower |
| 15:43 | Scout Tower |
| 15:43 | Scout Tower |
| 15:44 | Scout Tower |
| 15:46 | Scout Tower |
| 15:47 | Scout Tower |
| 15:48 | Scout Tower |
| 15:49 | Scout Tower |
| 15:49 | Scout Tower |
| 15:50 | Scout Tower |
| 15:57 | Scroll of Regeneration |
| 16:01 | Staff of Sanctuary |
| 16:10 | Arcane Tower |
| 16:11 | Guard Tower |
| 16:17 | Scout Tower |
| 16:18 | Scout Tower |
| 16:19 | Scout Tower |
| 16:20 | Scout Tower |
| 16:20 | Scout Tower |
| 16:21 | Scout Tower |
| 16:31 | Orb of Venom |
| 16:54 | Guard Tower |
| 16:59 | Orb of Corruption |
| 17:05 | Guard Tower |
| 17:13 | Scout Tower |
| 17:14 | Scout Tower |
| 17:14 | Scout Tower |
| 17:15 | Scout Tower |
| 17:15 | Scout Tower |
| 17:23 | Arcane Tower |
| 17:24 | Guard Tower |
| 17:29 | Guard Tower |
| 17:34 | Arcane Tower |
| 17:35 | Guard Tower |
| 18:02 | Guard Tower |
| 18:08 | Bash |
| 18:15 | Guard Tower |
| 18:26 | Guard Tower |
| 19:38 | Divine Shield |
| 19:50 | Guard Tower |
| 19:56 | Scout Tower |
| 19:57 | Scout Tower |
| 20:08 | Priest |
| 20:27 | Staff of Teleportation |
| 20:38 | Arcane Tower |
| 20:57 | Guard Tower |
| 20:59 | Scout Tower |
| 21:27 | Guard Tower |
| 23:23 | Brilliance Aura |
| 26:03 | Scout Tower |
| 26:23 | Periapt of Vitality |
| 28:38 | Circlet of Nobility |
| 30:02 | Storm Bolt |
| Right click | 2060 |
| Select group | 1569 |
| Select | 479 |
| Assign group | 342 |
| Build/train/purchase | 268 |
| Use ability | 117 |
| Misc. action | 25 |
| Chat | 10 |
| Item give/drop | 7 |
| Remove unit | 1 |



| Orb of Venom | 2 | 650 |
| Boots of Speed | 4 | 1000 |
| Staff of Teleportation | 3 | 450 |
| Periapt of Vitality | 1 | 325 |
| Staff of Sanctuary | 4 | 1000 |
| Orb of Corruption | 2 | 750 |
| total: | 16 | 4175g |
| Wisp | 25 | 1500 | / | 0 |
| total: | 25 | 1500g | / | 0w |
| Altar of Elders | 1 | 180 | / | 50 |
| Moon Well | 17 | 3060 | / | 680 |
| Tree of Life | 1 | 340 | / | 185 |
| Hunter's Hall | 1 | 210 | / | 100 |
| Ancient of Wonders | 1 | 90 | / | 30 |
| Tree of Ages | 1 | 320 | / | 180 |
| Tree of Eternity | 1 | 330 | / | 200 |
| total: | 21 | 3880g | / | 1045w |
| 0:01 | Wisp |
| 0:03 | Altar of Elders |
| 0:08 | Wisp |
| 0:16 | Moon Well |
| 0:20 | Wisp |
| 0:30 | Moon Well |
| 0:48 | Wisp |
| 0:59 | Wisp |
| 1:09 | Wisp |
| 1:19 | Wisp |
| 1:33 | Wisp |
| 1:44 | Wisp |
| 2:00 | Wisp |
| 2:08 | Force of Nature |
| 2:19 | Wisp |
| 2:32 | Wisp |
| 3:21 | Wisp |
| 3:22 | Wisp |
| 3:42 | Wisp |
| 3:44 | Wisp |
| 3:47 | Tree of Life |
| 4:24 | Tree of Ages |
| 4:39 | Boots of Speed |
| 4:39 | Boots of Speed |
| 4:44 | Entangling Roots |
| 5:23 | Moon Well |
| 5:24 | Moon Well |
| 7:12 | Soul Burn |
| 7:20 | Wisp |
| 7:20 | Wisp |
| 7:20 | Wisp |
| 7:22 | Wisp |
| 7:48 | Tree of Eternity |
| 8:52 | Wisp |
| 8:53 | Wisp |
| 8:56 | Hunter's Hall |
| 9:53 | Entangling Roots |
| 10:49 | Staff of Sanctuary |
| 11:02 | Ancient of Wonders |
| 11:13 | Searing Arrows |
| 11:25 | Wisp |
| 11:25 | Wisp |
| 11:26 | Wisp |
| 11:28 | Moon Well |
| 11:28 | Moon Well |
| 11:29 | Moon Well |
| 11:40 | Well Spring |
| 11:42 | Moon Well |
| 11:44 | Moon Well |
| 11:47 | Moon Well |
| 12:33 | Moon Well |
| 12:34 | Moon Well |
| 12:43 | Orb of Venom |
| 12:48 | Incinerate |
| 12:51 | Staff of Sanctuary |
| 12:51 | Staff of Sanctuary |
| 13:00 | Moon Well |
| 13:06 | Nature's Blessing |
| 13:07 | Ultravision |
| 13:23 | Staff of Teleportation |
| 13:25 | Boots of Speed |
| 13:34 | Moon Well |
| 13:44 | Moon Well |
| 13:46 | Moon Well |
| 15:09 | Moon Well |
| 15:59 | Staff of Teleportation |
| 15:59 | Boots of Speed |
| 17:07 | Staff of Sanctuary |
| 17:49 | Trueshot Aura |
| 18:20 | Staff of Teleportation |
| 18:20 | Periapt of Vitality |
| 22:18 | Orb of Venom |
| 22:55 | Orb of Corruption |
| 23:02 | Orb of Corruption |
| 29:26 | Thorns Aura |
| 29:39 | Soul Burn |
| Right click | 2264 |
| Select | 895 |
| Select group | 874 |
| Use ability | 104 |
| Resource trade | 80 |
| Build/train/purchase | 71 |
| Assign group | 51 |
| Minimap ping | 16 |
| Item give/drop | 8 |
189 units @ 29.2k
/ 4.4k
125 buildings @ 15k
/ 7.2k


| Potion of Healing | 2 | 300 |
| Scroll of Town Portal | 6 | 2100 |
| Potion of Lesser Invulnerability | 1 | 150 |
| total: | 9 | 2550g |
| Peasant | 18 | 1350 | / | 0 |
| Rifleman | 6 | 1230 | / | 180 |
| Priest | 5 | 675 | / | 50 |
| Spell Breaker | 4 | 860 | / | 120 |
| Mortar Team | 9 | 1620 | / | 630 |
| Knight | 7 | 1715 | / | 420 |
| Siege Engine | 7 | 1365 | / | 420 |
| Sorceress | 1 | 155 | / | 20 |
| Flying Machine | 1 | 100 | / | 30 |
| Forest Troll Shadow Priest | 1 | 195 | / | 10 |
| Forest Troll Berserker | 1 | 245 | / | 30 |
| total: | 60 | 9510g | / | 1910w |
| Scout Tower | 5 | 150 | / | 100 |
| Arcane Tower | 2 | 140 | / | 100 |
| Guard Tower | 3 | 210 | / | 150 |
| Altar of Kings | 1 | 180 | / | 50 |
| Farm | 10 | 800 | / | 200 |
| Barracks | 1 | 160 | / | 60 |
| Blacksmith | 1 | 140 | / | 60 |
| Arcane Vault | 1 | 130 | / | 30 |
| Lumber Mill | 1 | 120 | / | 0 |
| Town Hall | 1 | 385 | / | 205 |
| Arcane Sanctum | 1 | 150 | / | 140 |
| Workshop | 2 | 280 | / | 280 |
| Keep | 1 | 320 | / | 210 |
| Castle | 1 | 360 | / | 210 |
| total: | 24 | 2495g | / | 1125w |
| 0:03 | Peasant |
| 0:04 | Peasant |
| 0:15 | Altar of Kings |
| 0:22 | Farm |
| 0:25 | Peasant |
| 0:36 | Peasant |
| 0:36 | Peasant |
| 0:42 | Barracks |
| 1:01 | Peasant |
| 1:15 | Blacksmith |
| 1:20 | Peasant |
| 1:31 | Farm |
| 1:36 | Farm |
| 1:41 | Peasant |
| 1:41 | Peasant |
| 2:06 | Farm |
| 2:16 | Arcane Vault |
| 2:24 | Summon Water Elemental |
| 2:34 | Scout Tower |
| 2:37 | Rifleman |
| 3:04 | Arcane Tower |
| 3:08 | Rifleman |
| 3:33 | Lumber Mill |
| 3:38 | Rifleman |
| 3:47 | Rifleman |
| 3:58 | Farm |
| 4:15 | Brilliance Aura |
| 4:46 | Rifleman |
| 4:49 | Farm |
| 4:52 | Keep |
| 5:34 | Brilliance Aura |
| 6:06 | Rifleman |
| 6:08 | Black Gunpowder |
| 6:08 | Iron Plating |
| 6:27 | Forest Troll Shadow Priest |
| 7:09 | Forest Troll Berserker |
| 7:34 | Scout Tower |
| 7:53 | Summon Water Elemental |
| 8:10 | Scout Tower |
| 8:11 | Arcane Tower |
| 8:14 | Castle |
| 8:16 | Improved Masonry |
| 8:19 | Arcane Sanctum |
| 8:24 | Workshop |
| 8:28 | Workshop |
| 8:39 | Refined Gunpowder |
| 8:42 | Guard Tower |
| 8:45 | Scout Tower |
| 9:13 | Long Rifles |
| 9:19 | Town Hall |
| 9:20 | Guard Tower |
| 10:19 | Priest |
| 10:20 | Spell Breaker |
| 10:28 | Farm |
| 10:56 | Fragmentation Shards |
| 10:56 | Mortar Team |
| 10:57 | Mortar Team |
| 11:01 | Flare |
| 11:01 | Mortar Team |
| 11:05 | Priest Adept Training |
| 11:07 | Spell Breaker |
| 11:22 | Farm |
| 11:28 | Magic Sentry |
| 12:13 | Farm |
| 12:16 | Farm |
| 12:19 | Scout Tower |
| 12:21 | Peasant |
| 12:21 | Peasant |
| 12:25 | Advanced Masonry |
| 12:27 | Improved Lumber Harvesting |
| 12:35 | Potion of Lesser Invulnerability |
| 13:04 | Mortar Team |
| 13:12 | Mortar Team |
| 13:53 | Sundering Blades |
| 13:53 | Knight |
| 15:28 | Priest |
| 15:28 | Priest Master Training |
| 15:32 | Barrage |
| 15:33 | Siege Engine |
| 15:33 | Siege Engine |
| 15:58 | Peasant |
| 15:58 | Peasant |
| 16:11 | Imbued Masonry |
| 16:29 | Scroll of Town Portal |
| 16:38 | Steel Plating |
| 16:41 | Mortar Team |
| 16:45 | Advanced Lumber Harvesting |
| 16:57 | Mortar Team |
| 16:58 | Mortar Team |
| 17:33 | Priest |
| 18:32 | Brilliance Aura |
| 19:30 | Guard Tower |
| 19:37 | Siege Engine |
| 19:37 | Siege Engine |
| 19:37 | Siege Engine |
| 19:41 | Siege Engine |
| 19:41 | Siege Engine |
| 19:44 | Imbued Gunpowder |
| 19:45 | Mithril Plating |
| 19:47 | Knight |
| 19:52 | Scroll of Town Portal |
| 20:02 | Priest |
| 20:04 | Spell Breaker |
| 20:47 | Animal War Training |
| 20:48 | Knight |
| 21:49 | Scroll of Town Portal |
| 21:50 | Potion of Healing |
| 22:27 | Iron Forged Swords |
| 22:34 | Peasant |
| 22:34 | Peasant |
| 22:34 | Peasant |
| 22:34 | Peasant |
| 22:35 | Peasant |
| 24:05 | Scroll of Town Portal |
| 24:07 | Priest |
| 24:14 | Potion of Healing |
| 24:47 | Knight |
| 24:50 | Sorceress |
| 24:51 | Spell Breaker |
| 26:02 | Scroll of Town Portal |
| 26:08 | Flying Machine |
| 27:56 | Scroll of Town Portal |
| 28:12 | Knight |
| 28:12 | Knight |
| 28:22 | Knight |
| 28:43 | Storm Bolt |
| 28:54 | Mortar Team |
| Right click | 456 |
| Select | 342 |
| Build/train/purchase | 124 |
| Misc. action | 44 |
| Use ability | 13 |
| Remove unit | 5 |
| Item give/drop | 2 |
| Minimap ping | 2 |



| Scroll of Regeneration | 7 | 700 |
| Orb of Fire | 3 | 975 |
| Staff of Sanctuary | 2 | 500 |
| Potion of Healing | 5 | 750 |
| Lesser Clarity Potion | 3 | 210 |
| Potion of Mana | 1 | 200 |
| Scroll of Town Portal | 1 | 350 |
| Boots of Speed | 1 | 250 |
| total: | 23 | 3935g |
| Peasant | 19 | 1425 | / | 0 |
| Footman | 7 | 945 | / | 0 |
| Gryphon Rider | 6 | 1680 | / | 420 |
| Dragonhawk Rider | 3 | 600 | / | 90 |
| total: | 35 | 4650g | / | 510w |
| Scout Tower | 14 | 420 | / | 280 |
| Guard Tower | 14 | 980 | / | 700 |
| Farm | 15 | 1200 | / | 300 |
| Altar of Kings | 1 | 180 | / | 50 |
| Barracks | 1 | 160 | / | 60 |
| Arcane Vault | 2 | 260 | / | 60 |
| Lumber Mill | 1 | 120 | / | 0 |
| Town Hall | 1 | 385 | / | 205 |
| Blacksmith | 2 | 280 | / | 120 |
| Gryphon Aviary | 4 | 560 | / | 600 |
| Arcane Sanctum | 1 | 150 | / | 140 |
| Workshop | 4 | 560 | / | 560 |
| Keep | 2 | 640 | / | 420 |
| Castle | 1 | 360 | / | 210 |
| total: | 46 | 4275g | / | 2375w |
| 0:04 | Peasant |
| 0:04 | Peasant |
| 0:09 | Farm |
| 0:11 | Altar of Kings |
| 0:21 | Farm |
| 0:24 | Barracks |
| 0:33 | Peasant |
| 0:47 | Peasant |
| 0:52 | Peasant |
| 1:09 | Peasant |
| 1:18 | Peasant |
| 1:25 | Footman |
| 1:33 | Farm |
| 1:45 | Footman |
| 1:52 | Peasant |
| 2:06 | Footman |
| 2:06 | Footman |
| 2:14 | Storm Bolt |
| 2:21 | Peasant |
| 2:21 | Peasant |
| 2:35 | Footman |
| 2:43 | Peasant |
| 3:14 | Scout Tower |
| 3:16 | Peasant |
| 3:51 | Arcane Vault |
| 4:07 | Lumber Mill |
| 4:33 | Arcane Vault |
| 4:37 | Peasant |
| 4:37 | Peasant |
| 4:45 | Town Hall |
| 4:50 | Scout Tower |
| 4:52 | Scout Tower |
| 4:57 | Bash |
| 5:00 | Guard Tower |
| 5:01 | Improved Masonry |
| 5:25 | Keep |
| 5:42 | Scroll of Regeneration |
| 5:53 | Scroll of Regeneration |
| 6:02 | Guard Tower |
| 6:07 | Peasant |
| 6:07 | Peasant |
| 6:11 | Guard Tower |
| 6:16 | Peasant |
| 6:22 | Scout Tower |
| 6:25 | Scout Tower |
| 6:29 | Farm |
| 6:37 | Footman |
| 6:41 | Scout Tower |
| 6:44 | Scout Tower |
| 6:46 | Peasant |
| 6:57 | Footman |
| 7:01 | Guard Tower |
| 7:04 | Blacksmith |
| 7:11 | Blacksmith |
| 7:16 | Guard Tower |
| 7:18 | Farm |
| 7:19 | Farm |
| 7:20 | Farm |
| 7:36 | Boots of Speed |
| 7:40 | Defend |
| 7:42 | Storm Bolt |
| 7:51 | Castle |
| 8:11 | Guard Tower |
| 8:14 | Farm |
| 8:17 | Scout Tower |
| 8:19 | Farm |
| 8:22 | Improved Lumber Harvesting |
| 8:25 | Scroll of Regeneration |
| 8:34 | Farm |
| 8:35 | Farm |
| 8:45 | Gryphon Aviary |
| 9:07 | Peasant |
| 9:10 | Holy Light |
| 9:13 | Gryphon Aviary |
| 9:16 | Gryphon Aviary |
| 9:34 | Scroll of Regeneration |
| 9:58 | Gryphon Aviary |
| 10:00 | Advanced Masonry |
| 10:10 | Guard Tower |
| 10:53 | Advanced Lumber Harvesting |
| 11:17 | Storm Hammers |
| 11:17 | Cloud |
| 11:41 | Divine Shield |
| 11:51 | Orb of Fire |
| 11:52 | Staff of Sanctuary |
| 11:52 | Potion of Healing |
| 11:53 | Scroll of Regeneration |
| 11:55 | Banish |
| 11:57 | Animal War Training |
| 12:00 | Scout Tower |
| 12:02 | Scout Tower |
| 12:04 | Scout Tower |
| 12:07 | Farm |
| 12:08 | Farm |
| 12:09 | Farm |
| 12:29 | Iron Forged Swords |
| 12:41 | Scout Tower |
| 12:44 | Imbued Masonry |
| 12:46 | Gryphon Rider |
| 12:47 | Studded Leather Armor |
| 12:51 | Guard Tower |
| 12:54 | Scout Tower |
| 12:56 | Scout Tower |
| 13:29 | Guard Tower |
| 14:28 | Steel Forged Swords |
| 14:29 | Guard Tower |
| 14:32 | Farm |
| 14:37 | Guard Tower |
| 14:40 | Sundering Blades |
| 14:42 | Gryphon Rider |
| 14:55 | Orb of Fire |
| 14:58 | Staff of Sanctuary |
| 15:00 | Lesser Clarity Potion |
| 15:02 | Potion of Mana |
| 15:07 | Potion of Healing |
| 15:40 | Gryphon Rider |
| 15:43 | Reinforced Leather Armor |
| 16:00 | Bash |
| 16:59 | Mithril Forged Swords |
| 17:13 | Lesser Clarity Potion |
| 17:30 | Arcane Sanctum |
| 17:34 | Workshop |
| 18:01 | Dragonhide Armor |
| 18:30 | Dragonhawk Rider |
| 18:31 | Dragonhawk Rider |
| 19:48 | Priest Adept Training |
| 19:50 | Magic Sentry |
| 19:53 | Flak Cannons |
| 19:55 | Barrage |
| 20:26 | Scroll of Regeneration |
| 20:28 | Potion of Healing |
| 20:31 | Potion of Healing |
| 20:40 | Gryphon Rider |
| 20:43 | Iron Plating |
| 20:44 | Black Gunpowder |
| 20:46 | Fragmentation Shards |
| 20:46 | Flare |
| 20:47 | Flying Machine Bombs |
| 21:06 | Potion of Healing |
| 21:07 | Orb of Fire |
| 21:38 | Holy Light |
| 21:40 | Siphon Mana |
| 22:16 | Dragonhawk Rider |
| 22:20 | Priest Master Training |
| 22:20 | Sorceress Adept Training |
| 23:42 | Control Magic |
| 25:26 | Gryphon Rider |
| 25:29 | Lesser Clarity Potion |
| 25:29 | Scroll of Regeneration |
| 25:32 | Scroll of Town Portal |
| 26:24 | Workshop |
| 26:25 | Workshop |
| 26:28 | Workshop |
| 26:35 | Steel Plating |
| 26:35 | Refined Gunpowder |
| 27:03 | Gryphon Rider |
| 27:05 | Sorceress Master Training |
| Right click | 1036 |
| Select group | 633 |
| Select | 345 |
| Build/train/purchase | 145 |
| Assign group | 71 |
| Use ability | 70 |
| Misc. action | 49 |
| Item give/drop | 8 |
| Remove unit | 1 |


| Rod of Necromancy | 1 | 150 |
| Lesser Clarity Potion | 1 | 70 |
| Potion of Healing | 6 | 900 |
| Sacrificial Skull | 1 | 50 |
| Scroll of Town Portal | 2 | 700 |
| total: | 11 | 1870g |
| Acolyte | 8 | 600 | / | 0 |
| Ghoul | 4 | 480 | / | 0 |
| Crypt Fiend | 14 | 3010 | / | 560 |
| Obsidian Statue | 7 | 1400 | / | 245 |
| Meat Wagon | 3 | 690 | / | 150 |
| Forest Troll Berserker | 1 | 245 | / | 30 |
| total: | 37 | 6425g | / | 985w |
| Spirit Tower | 4 | 580 | / | 160 |
| Nerubian Tower | 1 | 100 | / | 20 |
| Altar of Darkness | 1 | 180 | / | 50 |
| Ziggurat | 15 | 2250 | / | 750 |
| Crypt | 1 | 200 | / | 50 |
| Graveyard | 1 | 215 | / | 0 |
| Tomb of Relics | 1 | 130 | / | 30 |
| Slaughterhouse | 1 | 140 | / | 135 |
| Halls of the Dead | 1 | 320 | / | 210 |
| Black Citadel | 1 | 325 | / | 230 |
| total: | 20 | 3115g | / | 1015w |
| 0:06 | Acolyte |
| 0:07 | Acolyte |
| 0:14 | Altar of Darkness |
| 0:17 | Ziggurat |
| 0:41 | Crypt |
| 1:03 | Graveyard |
| 1:22 | Ziggurat |
| 1:34 | Tomb of Relics |
| 1:53 | Ghoul |
| 1:53 | Ghoul |
| 2:09 | Ghoul |
| 2:26 | Death Coil |
| 2:30 | Crypt Fiend |
| 2:41 | Rod of Necromancy |
| 2:53 | Crypt Fiend |
| 2:54 | Crypt Fiend |
| 2:54 | Crypt Fiend |
| 3:17 | Crypt Fiend |
| 3:29 | Creature Attack |
| 3:30 | Improved Creature Attack |
| 3:48 | Ziggurat |
| 4:06 | Crypt Fiend |
| 4:41 | Halls of the Dead |
| 4:45 | Unholy Aura |
| 5:04 | Crypt Fiend |
| 5:26 | Crypt Fiend |
| 6:06 | Crypt Fiend |
| 6:09 | Creature Carapace |
| 6:45 | Forest Troll Berserker |
| 7:04 | Ziggurat |
| 7:05 | Ziggurat |
| 7:07 | Slaughterhouse |
| 8:15 | Death Coil |
| 8:38 | Crypt Fiend |
| 8:39 | Burrow |
| 9:15 | Lesser Clarity Potion |
| 9:42 | Crypt Fiend |
| 10:06 | Black Citadel |
| 10:42 | Obsidian Statue |
| 10:44 | Web |
| 10:44 | Crypt Fiend |
| 11:26 | Obsidian Statue |
| 11:43 | Advanced Creature Attack |
| 11:46 | Ghoul |
| 12:02 | Obsidian Statue |
| 12:33 | Acolyte |
| 12:33 | Acolyte |
| 12:33 | Acolyte |
| 12:33 | Acolyte |
| 12:34 | Acolyte |
| 12:52 | Potion of Healing |
| 12:56 | Potion of Healing |
| 13:29 | Destroyer Form |
| 13:30 | Obsidian Statue |
| 13:42 | Ziggurat |
| 13:48 | Frost Nova |
| 14:12 | Crypt Fiend |
| 14:50 | Obsidian Statue |
| 15:03 | Potion of Healing |
| 15:33 | Ziggurat |
| 15:46 | Ziggurat |
| 16:21 | Meat Wagon |
| 18:16 | Obsidian Statue |
| 18:22 | Improved Creature Carapace |
| 18:35 | Spirit Tower |
| 18:47 | Obsidian Statue |
| 19:05 | Ziggurat |
| 19:51 | Scroll of Town Portal |
| 19:52 | Potion of Healing |
| 20:04 | Spirit Tower |
| 20:59 | Meat Wagon |
| 21:00 | Crypt Fiend |
| 21:04 | Acolyte |
| 21:33 | Meat Wagon |
| 21:41 | Sacrificial Skull |
| 22:36 | Ziggurat |
| 23:31 | Spirit Tower |
| 23:37 | Ziggurat |
| 25:30 | Ziggurat |
| 25:31 | Ziggurat |
| 25:33 | Ziggurat |
| 25:34 | Ziggurat |
| 26:32 | Nerubian Tower |
| 26:33 | Spirit Tower |
| 27:32 | Scroll of Town Portal |
| 27:34 | Potion of Healing |
| 27:35 | Potion of Healing |
| Right click | 1297 |
| Select group | 761 |
| Select | 376 |
| Misc. action | 99 |
| Build/train/purchase | 96 |
| Assign group | 74 |
| Use ability | 39 |
| Esc | 6 |
| Minimap ping | 5 |
| Item give/drop | 1 |
| Remove unit | 1 |



| Potion of Healing | 1 | 150 |
| Scroll of Town Portal | 2 | 700 |
| total: | 3 | 850g |
| Peon | 14 | 1050 | / | 0 |
| Grunt | 12 | 2400 | / | 0 |
| Troll Headhunter | 11 | 1540 | / | 220 |
| Troll Berserker | 4 | 560 | / | 80 |
| Tauren | 5 | 1400 | / | 400 |
| Troll Witch Doctor | 5 | 725 | / | 125 |
| Demolisher | 2 | 440 | / | 100 |
| Shaman | 4 | 520 | / | 80 |
| total: | 57 | 8635g | / | 1005w |
| Watch Tower | 14 | 1540 | / | 1120 |
| Altar of Storms | 1 | 180 | / | 50 |
| Orc Burrow | 8 | 1280 | / | 320 |
| War Mill | 2 | 410 | / | 0 |
| Barracks | 2 | 360 | / | 100 |
| Voodoo Lounge | 1 | 130 | / | 30 |
| Great Hall | 1 | 385 | / | 185 |
| Tauren Totem | 1 | 135 | / | 155 |
| Spirit Lodge | 3 | 450 | / | 450 |
| Beastiary | 2 | 290 | / | 280 |
| Stronghold | 1 | 315 | / | 190 |
| Fortress | 1 | 325 | / | 190 |
| total: | 35 | 5160g | / | 2690w |
| 0:08 | Altar of Storms |
| 0:14 | Orc Burrow |
| 0:15 | Peon |
| 0:16 | Peon |
| 0:45 | Peon |
| 0:51 | War Mill |
| 1:00 | Peon |
| 1:22 | Barracks |
| 1:46 | Peon |
| 2:03 | Orc Burrow |
| 2:15 | Mirror Image |
| 2:36 | Grunt |
| 3:01 | Grunt |
| 3:25 | Voodoo Lounge |
| 3:54 | Grunt |
| 4:04 | Stronghold |
| 4:13 | Troll Headhunter |
| 4:30 | Critical Strike |
| 4:34 | Troll Headhunter |
| 5:27 | Troll Headhunter |
| 5:44 | Great Hall |
| 6:17 | Troll Headhunter |
| 6:20 | Wind Walk |
| 6:38 | Troll Headhunter |
| 6:58 | Troll Headhunter |
| 7:19 | Troll Headhunter |
| 7:20 | Troll Headhunter |
| 7:54 | Peon |
| 7:54 | Peon |
| 7:54 | Peon |
| 7:55 | Peon |
| 8:00 | Orc Burrow |
| 8:26 | Potion of Healing |
| 8:41 | Watch Tower |
| 8:48 | Watch Tower |
| 9:25 | Grunt |
| 9:57 | Grunt |
| 10:04 | Watch Tower |
| 10:11 | Peon |
| 10:22 | Watch Tower |
| 10:25 | Watch Tower |
| 10:33 | Watch Tower |
| 10:58 | Peon |
| 10:58 | Peon |
| 10:58 | Peon |
| 10:59 | Peon |
| 11:34 | Watch Tower |
| 11:35 | Watch Tower |
| 11:53 | Grunt |
| 12:05 | Watch Tower |
| 12:05 | Watch Tower |
| 12:54 | Orc Burrow |
| 13:00 | Grunt |
| 13:04 | Fortress |
| 13:18 | Watch Tower |
| 13:44 | Orc Burrow |
| 13:44 | Orc Burrow |
| 13:48 | Troll Headhunter |
| 13:50 | Troll Regeneration |
| 14:36 | Watch Tower |
| 15:08 | Grunt |
| 15:09 | Troll Headhunter |
| 15:24 | Barracks |
| 15:33 | Watch Tower |
| 15:34 | Watch Tower |
| 15:54 | Orc Burrow |
| 15:56 | Orc Burrow |
| 16:53 | Berserker Upgrade |
| 16:54 | Troll Headhunter |
| 16:55 | Grunt |
| 17:22 | Tauren Totem |
| 18:06 | War Mill |
| 18:49 | Feral Spirit |
| 19:14 | War Stomp |
| 19:27 | Troll Berserker |
| 19:27 | Troll Berserker |
| 19:28 | Troll Berserker |
| 19:28 | Grunt |
| 19:43 | Troll Berserker |
| 19:51 | Spirit Lodge |
| 19:52 | Spirit Lodge |
| 19:53 | Tauren |
| 20:31 | Grunt |
| 20:33 | Grunt |
| 21:21 | Tauren |
| 21:22 | Pulverize |
| 21:24 | Witch Doctor Adept Training |
| 21:25 | Troll Witch Doctor |
| 21:25 | Troll Witch Doctor |
| 21:50 | Scroll of Town Portal |
| 21:50 | Scroll of Town Portal |
| 22:43 | Spirit Lodge |
| 22:46 | Witch Doctor Master Training |
| 23:11 | Tauren |
| 23:12 | Tauren |
| 23:48 | Berserker Strength |
| 23:51 | Tauren |
| 23:58 | Shaman Adept Training |
| 24:01 | Troll Witch Doctor |
| 24:57 | Demolisher |
| 25:00 | Burning Oil |
| 25:02 | Spiked Barricades |
| 25:04 | Steel Melee Weapons |
| 25:04 | Steel Armor |
| 25:04 | Steel Ranged Weapons |
| 25:07 | Troll Witch Doctor |
| 26:11 | Demolisher |
| 27:16 | Shaman |
| 27:16 | Shaman Master Training |
| 27:48 | Thorium Melee Weapons |
| 27:52 | Shaman |
| 27:52 | Shaman |
| 27:53 | Shaman |
| 27:54 | Troll Witch Doctor |
| 28:37 | Beastiary |
| 28:39 | Beastiary |
| Right click | 762 |
| Select | 543 |
| Select group | 227 |
| Build/train/purchase | 107 |
| Assign group | 47 |
| Use ability | 14 |
| Item give/drop | 2 |
| Esc | 1 |
⇛